 Dungeon Crawl Stone Soup version 0.30.1-3-gfc49f6343a (webtiles) character file.

Game seed: 8740577148521319528

1043 Peloso the Slasher (level 8, -4/70 HPs)
             Began as a Minotaur Fighter on Aug 1, 2023.
             Killed from afar by an acid dragon (19 damage)
             ... with a splash of acid
             ... on level 6 of the Dungeon.
             The game lasted 00:08:26 (4602 turns).

Peloso the Slasher (Minotaur Fighter)               Turns: 4602, Time: 00:08:26

Health: -4/70      AC:  3    Str: 20    XL:     8   Next: 4%
Magic:  7/7        EV: 10    Int:  5    God:
Gold:   189        SH:  5    Dex: 13    Spells: 7/7 levels left

rFire   . . .        a - +0 long sword
rCold   + . .        c - +0 buckler
rNeg    . . .        b - +0 scale mail
rPois   .            (helmet restricted)
rElec   .            (no cloak)
rCorr   .            (no gloves)
SInv    +            (no boots)
Will    .....        (no amulet) Stlth
                     t - ring of protection from cold
HPRegen 0.31/turn    s - ring of see invisible
MPRegen 0.10/turn

%: no passive effects
@: corroded
A: horns 2, retaliatory headbutt
a: no special abilities


You were on level 6 of the Dungeon.
You visited 1 branch of the dungeon, and saw 6 of its levels.

You collected 189 gold pieces.

Inventory:

Hand Weapons
 a - a +0 long sword (weapon)
Armour
 b - a +0 scale mail (worn)
 c - a +0 buckler (worn)
Jewellery
 s - a ring of see invisible (right hand)
 t - a ring of protection from cold (left hand)
Wands
 n - a wand of roots (13)
 o - a wand of polymorph (6)
Scrolls
 f - 2 scrolls of fog {unknown}
 g - 3 scrolls of teleportation
 h - 2 scrolls of enchant armour {unknown}
 k - a scroll of identify
 l - 2 scrolls of amnesia
 p - a scroll of poison {unknown}
 q - a scroll of enchant weapon {unknown}
Potions
 d - 2 potions of might
 e - a potion of magic
 i - a potion of curing
 j - a potion of resistance
 m - a potion of lignification
 r - a potion of haste {unknown}
 u - a potion of attraction {unknown}


   Skills:
 + Level 6.0 Fighting
 + Level 7.0 Long Blades
 + Level 6.7 Armour
 + Level 2.7 Dodging
 + Level 0.5 Stealth
 + Level 5.2 Shields


You had 7 spell levels left.
You didn't know any spells.
Your spell library contained the following spells:

 Spells                   Type           Power      Damage    Failure   Level
 Sting                    Tmut/Pois      0%         1d3       86%         1
 Poisonous Vapours        Pois/Air       0%         N/A       95%         2
 Olgreb's Toxic Radiance  Pois           0%         N/A       100%        4


Dungeon Overview and Level Annotations

Branches:
Dungeon (6/15)
 Temple: D:4-7

Altars:
Gozag
Nemelex Xobeh
Sif Muna
Vehumet
Yredelemnul

Shops:
D:2 [

Annotations:
D:3 1 runed translucent door, Crazy Yiuf


Innate Abilities, Weirdness & Mutations

You have a pair of horns on your head.
You reflexively headbutt those who attack you in melee.


Message History

Okay, then.
Things that are here:
a +0 flail; a gnoll corpse
v - a +0 flail You drop a +0 flail.
Items here: ( ))) [ ††.
An acid dragon comes into view.
The acid dragon roars!
An acid dragon is nearby!
An acid dragon is nearby!
An acid dragon is nearby!
A phantom comes into view.
You hit the phantom but do no damage. The phantom hits you.
The phantom blinks!
You blink.
The phantom hits you.
The phantom hits you but does no damage.
The acid dragon spits acid at you. The splash of acid hits you!
The acid corrodes you!
You hit the acid dragon. You headbutt the acid dragon.
The acid dragon is moderately wounded.
The acid dragon bites you! The acid dragon claws you. The phantom hits you.
You hit the acid dragon.
The acid dragon is heavily wounded.
The acid dragon bites you! The acid dragon claws you.
You block the phantom's attack.
You hit the acid dragon but do no damage.
The acid dragon is heavily wounded.
The acid dragon bites you. The acid dragon claws you. The phantom hits you.
You barely miss the acid dragon.
The acid dragon is heavily wounded.
The acid dragon bites you.
* * * LOW HITPOINT WARNING * * *
The acid dragon claws you.
* * * LOW HITPOINT WARNING * * *
The phantom barely misses you.
You slash the acid dragon!
The acid dragon is severely wounded.
The acid dragon spits acid at you. The splash of acid hits you!!
You die...

######## #......#
#......# #......######
#### #...........# ...#
#.....W.....#
...########.....@.....#
.....())........D.......
....######......####....
...## #.####.# ... ...#
#......#########
...############...D.....#
..
...)).................#.#
...
#######.####.#####....#.#
.... #.#
#.#........#.##....


You could see an acid dragon (catching breath) and a phantom.

Vanquished Creatures
  Sigmund (D:4)
  An ice beast (D:5)
  An ogre (D:5)
  A gnoll bouda (D:6)
  2 orc priests
  2 hounds (D:4)
  2 jellies (D:4)
  Terence (D:2)
  Jessica (D:3)
  Ijyb (D:4)
  2 iguanas
  3 orc wizards
  Robin (D:3)
  7 gnolls
  9 adders
  An ufetubus (D:4)
  26 orcs
  12 endoplasms
  4 giant cockroaches
  17 goblins
  4 hobgoblins
  3 jackals (D:2)
  7 quokkas
  5 ball pythons
  5 bats
  A frilled lizard (D:1)
  3 kobolds
  12 rats
135 creatures vanquished.

Notes
Turn   | Place    | Note
-------+----------+-------------------------------------------
     0 | D:1      | Peloso the Minotaur Fighter began the quest for the Orb.
     0 | D:1      | Reached XP level 1. HP: 19/19 MP: 0/0
   219 | D:1      | Reached XP level 2. HP: 27/27 MP: 1/1
   639 | D:2      | Found Giumyew's Antique Armour Shop.
   687 | D:2      | Noticed Terence
   698 | D:2      | Reached XP level 3. HP: 33/33 MP: 2/2
   709 | D:2      | Killed Terence
   710 | D:2      | Reached skill level 3 in Long Blades
   894 | D:2      | Reached XP level 4. HP: 38/40 MP: 3/3
  1061 | D:2      | Found a faded altar of an unknown god.
  1582 | D:3      | Noticed Robin
  1592 | D:3      | Reached skill level 4 in Long Blades
  1617 | D:3      | Killed Robin
  1620 | D:3      | Reached XP level 5. HP: 10/47 MP: 4/4
  1985 | D:3      | Noticed Jessica
  1989 | D:3      | Killed Jessica
  2291 | D:3      | Found a runed translucent door.
  2292 | D:3      | Noticed Crazy Yiuf
  2352 | D:3      | Found an opulent altar of Gozag.
  2353 | D:3      | Found a sparkling altar of Nemelex Xobeh.
  2551 | D:4      | Reached skill level 1 in Dodging
  2581 | D:4      | Noticed Sigmund
  2592 | D:4      | Reached XP level 6. HP: 43/53 MP: 5/5
  2593 | D:4      | Reached skill level 5 in Long Blades
  2597 | D:4      | Reached skill level 5 in Armour
  2772 | D:4      | Killed Sigmund
  2773 | D:4      | Reached skill level 5 in Fighting
  2773 | D:4      | Reached skill level 5 in Shields
  2937 | D:4      | Noticed Ijyb
  2945 | D:4      | Killed Ijyb
  2946 | D:4      | Reached XP level 7. HP: 42/61 MP: 6/6
  3245 | D:5      | Entered Level 5 of the Dungeon
  3279 | D:4      | Reached skill level 6 in Long Blades
  3847 | D:5      | Identified the +1 sling of Giutsoll {heavy, rElec Int+3
                  | Dex+3}
  3911 | D:5      | Found a radiant altar of Vehumet.
  3911 | D:5      | Found a basalt altar of Yredelemnul.
  4405 | D:5      | Found a shimmering blue altar of Sif Muna.
  4546 | D:6      | Reached XP level 8. HP: 59/70 MP: 7/7
  4550 | D:6      | Reached skill level 7 in Long Blades
  4602 | D:6      | Killed from afar by an acid dragon

Illustrated notes

Levels and vault maps discovered:
D:1:      lightli_arrival_isolated_outpost, layout_basic
D:2:      layout_rooms, serial_shops, shop,
          shapermc_ecumenical_altar_flowoftime, chequers_serial_rivers_small_3,
          uniq_terence
D:3:      layout_loops_cross, grunt_temple_overflow_opulence, st_stairs_13,
          uniq_jessica, uniq_crazy_yiuf_cottage, uniq_robin
D:4:      layout_rooms, uniq_sigmund, uniq_ijyb
D:5:      layout_rooms, lemuel_blue_sif_altar, nicolae_overflow_two_pavilions,
          hangedman_decor_clover_reticule
D:6:      layout_basic, minitemple

Skill      XL: |  1  2  3  4  5  6  7  8 |
---------------+-------------------------+-----
Armour         | 4 5 6 |  6.7
Shields        | 4 5 |  5.2
Fighting       | 4 5 6 |  6.0
Long Blades    | 3 4 5 6 7 |  7.0
Dodging        | 1 2 |  2.7
Stealth        | |  0.5

Action                     |  1- 3 |  4- 6 |  7- 9 || total
---------------------------+-------+-------+-------++-------
  Melee: Long sword        |    85 |   180 |   119 ||   384
         Headbutt          |    11 |    33 |    28 ||    72
    Use: Potion            |     4 |       |     1 ||     5
         Scroll            |     1 |       |     4 ||     5
 Armour: Scale mail        |    27 |    83 |    53 ||   163
  Dodge: Dodged            |    40 |    90 |    74 ||   204
  Block: Buckler           |    27 |    48 |    30 ||   105
